Construct Section Command Post
Selects Australian Defense Battlegroup
Selects Australian Light Infantry Section
Australian Light Infantry Section
Australian Light Infantry Section
Construct Platoon Command Post
Construct Company Command Post
Unlock M3 Grant Medium Tanks
Unlock Bishop Self-propelled Artillery
Bishop Self-propelled Artillery
Construct Field Infirmary
Selects CMP 15cwt Supply Run
Selects Artillery Trip Wire Flares
Selects Charged Creeping Barrage
Bishop Self-propelled Artillery